Map: Submarine LE

Players

Bundo

  • Race: Terran Terran
  • League: Diamond
  • Spawn Location: 11:00

Dro - Winner!

  • Race: Protoss Protoss
  • League: Master
  • Spawn Location: 5:00

VOD

Have the link to the VOD?

Description

Time

  • Played on: March 17, 2021, 11:14 a.m.
  • Length: 9:48
Show
View Real Time Build Order
Export as new Build Order

Bundo Terran 

Build Orders:  

Get SALT Encoding   

  12  0:00  SCV  
  13  0:12  SCV  
  14  0:17  Supply Depot  
  14  0:24  SCV  
  15  0:38  SCV  
  15  0:39  Barracks  
  16  0:45  Refinery  
  16  0:50  SCV  
  17  1:03  SCV  
  18  1:15  SCV  
  19  1:27  Marine  
  19  1:29  Orbital Command  
  20  1:34  Bunker  
  20  1:47  Marine  
  21  1:58  SCV  
  22  2:05  Marine  
  23  2:10  Factory  
  23  2:18  Supply Depot  
  23  2:28  Refinery  
  23  2:39  SCV  
  23  2:41  Supply Depot  
  23  2:43  Marine  
  25  2:51  SCV  
  25  2:56  Factory Tech Lab  
  25  2:57  Starport  
  26  3:04  SCV  
  27  3:05  Barracks Reactor  
  27  3:10  Supply Depot  
  27  3:16  SCV  
  27  3:17  Cyclone  
  31  3:28  SCV  
  31  3:37  Starport Tech Lab  
  31  3:41  Command Center  
  31  3:43  SCV  
  31  3:45  Marine  
  31  3:46  Marine  
  34  3:57  SCV  
  35  4:03  Cyclone  
  35  4:06  Viking  
  40  4:15  Marine x2  
  42  4:24  Supply Depot, Barracks  
  42  4:31  Barracks  
  42  4:32  Mag-Field Accelerator  
  42  4:48  Supply Depot  
  42  4:49  Marine x2, Cyclone  
  47  5:10  SCV  
  47  5:12  Marine x2  
  50  5:20  Marine x2  
  52  5:22  SCV  
  52  5:24  Viking  
  54  5:29  Marine  
  54  5:30  Supply Depot  
  55  5:47  Marine  
  55  5:51  Marine x2, Cyclone  
  60  6:04  Marine x2  
  60  6:09  Marine  
  61  6:26  Marine x2  
  61  6:28  Supply Depot  
  63  6:36  Viking  
  63  6:39  Marine  
  63  6:54  Cyclone  
  66  7:09  Marine, Viking  
  67  7:18  SCV  
  67  7:22  Marine  
  69  7:32  Supply Depot  
  68  7:49  SCV  
  69  8:01  SCV  
  68  8:08  Cyclone  
  71  8:15  Marine x2  
  72  8:25  Marine  
  57  8:33  Marine  
  49  8:38  Marine  
  46  8:43  Marine  
  45  8:55  Cyclone  
  45  9:01  Marine  
  45  9:02  Marine  
  49  9:19  Marine  
Show
View Real Time Build Order
Export as new Build Order

Dro Protoss - Winner!

Build Orders:  

Get SALT Encoding   

  12  0:00  Probe  
  13  0:12  Probe  
  14  0:17  Pylon  
  14  0:25  Probe  
  15  0:37  Probe  
  15  0:40  Forge  
  16  0:49  Probe  
  17  0:57  Pylon  
  17  1:01  Probe  
  18  1:13  Probe  
  18  1:17  Photon Cannon  
  19  1:20  Gateway  
  19  1:29  Photon Cannon  
  19  1:39  Gateway  
  19  1:45  Probe  
  20  1:47  Assimilator  
  20  1:51  Assimilator  
  19  1:59  Probe  
  20  2:02  Photon Cannon  
  20  2:12  Cybernetics Core  
  20  2:14  Probe (Chrono Boost)  
  21  2:18  Pylon  
  21  2:24  Probe (Chrono Boost)  
  21  2:29  Probe (Chrono Boost)  
  23  2:43  Photon Cannon  
  23  2:48  Photon Cannon  
  23  2:53  Stargate  
  23  2:57  Shield Battery  
  23  3:15  Shield Battery  
  23  3:28  Void Ray (Chrono Boost)  
  27  3:49  Fleet Beacon  
  27  3:54  Pylon  
  27  3:59  Shield Battery  
  27  4:01  Shield Battery  
  27  4:04  Shield Battery  
  27  4:35  Nexus  
  27  4:41  Tempest (Chrono Boost)  
  32  4:49  Pylon  
  32  5:13  Tempest (Chrono Boost)  
  37  5:25  Probe  
  38  5:31  Pylon  
  38  5:43  Tempest (Chrono Boost)  
  43  6:07  Probe x2  
  45  6:16  Tempest (Chrono Boost)  
  50  6:27  Probe x2  
  52  6:40  Probe x2  
  52  6:44  Assimilator  
  54  6:52  Probe x2  
  56  7:03  Tempest (Chrono Boost)  
  56  7:07  Probe x2  
  63  7:19  Probe  
  60  7:26  Probe  
  61  7:31  Probe  
  61  7:33  Pylon  
  61  7:35  Tempest (Chrono Boost)  
  67  7:48  Photon Cannon  
  67  7:51  Photon Cannon  
  67  7:54  Photon Cannon, Probe x2  
  67  7:56  Photon Cannon  
  69  7:59  Pylon  
  69  8:10  Assimilator  
  69  8:33  Tempest (Chrono Boost)  
  74  8:43  Pylon  
  74  8:46  Pylon  
  74  9:04  Probe  
  74  9:05  Probe  
  74  9:06  Tempest (Chrono Boost)  
  81  9:15  Stargate  
  81  9:20  Photon Cannon  
  81  9:22  Photon Cannon  
  81  9:24  Photon Cannon  
  81  9:27  Photon Cannon  
  81  9:29  Shield Battery  
  81  9:33  Shield Battery  
Tags
 
Add a new tag
Caveats
  • Supply blocks, unpowered buildings, or Contaminate may cause inaccurate times.
  • Supply counts are checked every 10 seconds.